Cogmind - Beta 16 @@@ ROGUE MODE // 2025.12.14 @ 15:27:51 Player: War__Prophet Result: Destroyed by P-80 Master with Gamma Rifle Performance ------------- Evolutions (7) 3500 Regions Visited (12) 2400 Robots Destroyed (88) 440 Value Destroyed (2996) 2996 Prototype IDs (2) 40 Alien Tech Used (0) 0 Bonus (0) 0 TOTAL SCORE: 9376 Bonus ------- None Cogmind --------- Core Integrity 0/1300 Matter 157/300 Energy 91/100 System Corruption 8% Temperature Hot (280) Movement Core (200) Ox3 Location -3/Research Parts ------- > --- POWER (3) -------- (None) > --- PROPULSION (12) -- (None) > --- UTILITY (4) ------ (None) > --- WEAPON (2) ------- Linear Accelerator > --- INVENTORY (5) ---- Power Amplifier Advanced Thermal Shield Phase Gun Peak State ------------ > --- POWER ------------ Light Neutrino Core Particle Reactor > --- PROPULSION ------- VTOL Module Field Propulsion Drive Field Propulsion Array Field Propulsion Array > --- UTILITY ---------- Power Amplifier Improved Point Defense System Improved Point Defense System Hacking Suite > --- WEAPON ----------- Quantum Rifle Heavy Phase Cannon > --- INVENTORY -------- Advanced Thermal Shield Improved Shield Generator [Rating: 88] Favorites ----------- Power Light Neutrino Core Engine Light Ion Engine Power Core Light Neutrino Core Reactor Light Antimatter Reactor Propulsion Wheel Leg Flexi-carbon Leg Wheel Wheel Hover Unit Gravmag System Flight Unit Flight Unit Utility Improved Heat Sink Device Improved Heat Sink Storage Large Storage Unit Processor Advanced Targeting Computer Hackware Hacking Suite Protection Medium Armor Plating Weapon High-powered Shotgun Energy Gun Heavy EM Pulse Gun Energy Cannon Phase Cannon Ballistic Gun High-powered Shotgun Ballistic Cannon Linear Accelerator Launcher Missile Launcher Build | -11 -10 -9 -8 -7 -7 -7 -6 -6 -6 -5 -4 -3 ------- Run | Yrd Mat Mat Mat Fac Low Low Fac Was Fac Fac Fac Res Slots Evolved 14 | . . 2 2 2 . . 2 . . 2 2 2 Power 2 | . . . . 1 . . . . . 1 . . Propulsion 10 | . . 2 . 1 . . 2 . . 1 2 2 Utility 2 | . . . 2 . . . . . . . . . Weapon . | . . . . . . . . . . . . . Parts Attached 118 | 5 2 12 11 27 5 . 1 2 16 4 13 20 Power 17 | 1 1 . 1 4 1 . . . 3 3 . 3 Engine 8 | 1 1 . 1 3 . . . . 2 . . . Core 7 | . . . . 1 1 . . . 1 3 . 1 Reactor 2 | . . . . . . . . . . . . 2 Propulsion 48 | 2 . 7 3 12 1 . . 1 6 . 9 7 Treads . | . . . . . . . . . . . . . Leg 9 | . . 3 . . . . . . 1 . . 5 Wheel 16 | 2 . 4 2 3 . . . . 5 . . . Hover 4 | . . . . 1 1 . . 1 . . . 1 Flight 19 | . . . 1 8 . . . . . . 9 1 Utility 29 | 1 1 1 5 6 1 . 1 1 5 . 4 3 Device 15 | . . . 2 3 1 . . 1 1 . 4 3 Storage 3 | 1 . 1 . . . . . . 1 . . . Processor 4 | . . . . 1 . . 1 . 2 . . . Hackware 3 | . . . . 2 . . . . 1 . . . Protection 4 | . 1 . 3 . . . . . . . . . Artifact . | . . . . . . . . . . . . . Weapon 24 | 1 . 4 2 5 2 . . . 2 1 . 7 Energy Gun 10 | . . 4 . . . . . . 1 . . 5 Energy Cannon 3 | . . . . . . . . . 1 1 . 1 Ballistic Gun 9 | 1 . . 2 4 2 . . . . . . . Ballistic Cannon 1 | . . . . . . . . . . . . 1 Launcher 1 | . . . . 1 . . . . . . . . Special Weapon . | . . . . . . . . . . . . . Impact Weapon . | . . . . . . . . . . . . . Slashing Weapon . | . . . . . . . . . . . . . Piercing Weapon . | . . . . . . . . . . . . . Special Melee Weapon . | . . . . . . . . . . . . . Unidentified Prototypes 2 | . . . 1 . . . . . . 1 . . Corrupted Parts 7 | . . 3 . . . . . 1 . . 3 . System Corruption 39 | . . 14 . . . . . 6 . . 19 . Parts Lost 59 | . . 5 5 16 6 . . 3 1 1 9 13 Power 9 | . . . . 2 1 . . . . 1 1 4 Propulsion 27 | . . 3 2 8 4 . . 1 1 . 6 2 Utility 11 | . . . 3 2 . . . 1 . . 1 4 Weapon 12 | . . 2 . 4 1 . . 1 . . 1 3 Highest Loss Streak 6 | . . 4 3 6 5 . . 3 1 1 4 6 To Critical Strikes . | . . . . . . . . . . . . . Average Backups 6 | . 6 10 14 11 1 1 3 4 3 1 3 2 Power . | . 1 1 . . . . 1 2 1 . . . Propulsion 2 | . 5 6 9 7 . . . . . . . . Utility 1 | . . 3 1 . . . 1 1 . 1 2 2 Weapon 1 | . . . 3 3 1 1 1 1 1 . . . Tool/Special . | . . . . . . . . . . . . . Unused Backups 7 | . . . 3 2 . . . . 2 . . . Power . | . . . . . . . . . . . . . Propulsion 2 | . . . 1 1 . . . . . . . . Utility 4 | . . . 2 1 . . . . 1 . . . Weapon 1 | . . . . . . . . . 1 . . . Tool/Special . | . . . . . . . . . . . . . Average Slot Usage (%) 59 | . 81 80 92 78 55 61 49 40 33 43 52 44 Engine 4 | . 14 11 9 8 2 . . . 2 3 . . Core 3 | . . . . 2 1 7 2 . 1 9 12 3 Leg 1 | . . 4 . . . . . . 2 . . 5 Wheel 10 | . 28 25 30 15 . . . . 3 5 2 . Flight 5 | . . . . 9 12 . . . . . 15 10 Device 8 | . . . 2 13 8 15 13 13 11 5 9 10 Storage 3 | . 14 11 9 4 . . . . 1 5 1 . Processor 1 | . . . . 1 7 7 6 6 3 . . . Hackware 3 | . . . . 5 7 7 6 4 1 5 5 3 Protection 3 | . 10 11 22 . . . . . . . . . Energy Gun 1 | . . 14 . . . . . . . . . 2 Energy Cannon 1 | . . . . . . . . . 2 5 4 2 Ballistic Gun 6 | . 14 2 17 11 12 15 13 10 . . . . Peak Build Rating 88 | 5 6 12 23 35 26 25 27 31 42 49 75 88 Average Rating 31 | 3 5 9 19 26 20 25 24 22 28 39 59 61 On Entrance 22 | . 5 6 11 20 23 25 25 24 23 34 49 51 Avg Prop Armor Cover (%) 5 | . . . . 6 . . . . 8 . 3 15 Naked Turns 49 | . . . . . . . . . 24 . . 25 Heaviest Build 52 | 10 13 32 52 43 14 14 14 8 33 41 41 49 Greatest Support 100 | 32 32 48 46 46 17 9 9 9 40 10 50 100 Greatest Overweight (x) 10 | . . 9 1 3 2 1 1 1 7 4 10 4 Average Overweight (x) . | . . . . . . 1 . . . 2 . . Largest Inventory Capacity 15 | 8 8 15 15 15 5 5 5 5 5 5 5 5 Average Capacity 8 | 6 8 12 15 12 5 5 5 5 5 5 5 5 Most Carried 15 | 1 8 15 15 15 3 3 4 5 5 3 5 5 Average Carried 6 | . 7 10 14 11 1 1 3 4 3 1 3 2 Final Capacity 15 | 8 8 15 15 5 5 5 5 5 5 5 5 5 Final Carried 15 | 1 8 13 15 3 1 3 4 5 1 3 5 3 Class Distribution -------------------- 55% | Mutant 28% | Scavenger-Mutant 10% | Scavenger-Sprinter 5% | Sprinter Dominant Class ---------------- Mutant | -10/Materials Mutant | -9/Materials Scavenger-Mutant | -8/Materials Scavenger-Mutant | -7/Factory Mutant | -7/Lower Caves Mutant | -7/Lower Caves Mutant | -6/Factory Mutant | -6/Waste Mutant | -6/Factory Mutant | -5/Factory Scavenger-Sprinter | -4/Factory Mutant | -3/Research Resources | -11 -10 -9 -8 -7 -7 -7 -6 -6 -6 -5 -4 -3 ----------- Run | Yrd Mat Mat Mat Fac Low Low Fac Was Fac Fac Fac Res Matter Collected 2523 | 177 114 95 413 577 439 37 . . 237 . 73 361 Remotely . | . . . . . . . . . . . . . Salvage Created 3707 | . 153 632 675 370 283 . . . 461 82 331 720 Parts 212 | . 7 39 45 24 15 . . . 34 . 22 26 Haulers Intercepted 2 | . . . 2 . . . . . . . . . Recyclers Shooed 8 | . . 1 . 1 . . . . 3 . 1 2 Parts Field Recycled . | . . . . . . . . . . . . . Retrieved Matter . | . . . . . . . . . . . . . Parts Self-Destructed 12 | . . . . . 12 . . . . . . . Prevented . | . . . . . . . . . . . . . Parts Restored . | . . . . . . . . . . . . . Kills | -11 -10 -9 -8 -7 -7 -7 -6 -6 -6 -5 -4 -3 ------- Run | Yrd Mat Mat Mat Fac Low Low Fac Was Fac Fac Fac Res Combat Hostiles Destroyed 58 | . 1 11 10 6 5 . . . 7 1 8 9 Guns 33 | . 1 11 10 4 4 . . . . . . 3 Cannons 14 | . . . . . . . . . 7 . 3 4 AOE 7 | . . . . 2 . . . . . . 5 . Classes Destroyed 14 | . 3 3 3 3 2 . . . . . . . Worker 10 | . 1 1 1 2 . . . . 3 . 1 1 Builder 8 | . . 1 2 1 . . . . 4 . . . Hauler 2 | . . . 2 . . . . . . . . . Recycler 6 | . 1 1 3 1 . . . . . . . . Minesweeper 1 | . . . . . 1 . . . . . . . Operator 2 | . . . . 2 . . . . . . . . Watcher 1 | . . . 1 . . . . . . . . . Swarmer 11 | . . . 3 . . . . . 3 . 5 . Grunt 28 | . 1 7 6 3 2 . . . 2 . . 7 Brawler 1 | . . 1 . . . . . . . . . . Sentry 8 | . . 3 1 1 . . . . 1 1 . 1 Hunter 1 | . . . . 1 . . . . . . . . Programmer 8 | . . . . 1 2 . . . 1 . 3 1 Behemoth 1 | . . . . . 1 . . . . . . . Decomposer 1 | . . . . . 1 . . . . . . . Best Kill Streak 8 | . 3 8 4 3 2 . . . 6 1 6 4 Combat Bots Only 8 | . 1 8 3 2 2 . . . 3 1 5 3 Max Kills in Single Turn 6 | . 1 1 1 3 1 . . . 1 1 6 1 Gunslinging . | . . . . . . . . . . . . . Exploded 5 | . . . . 2 . . . . . . 5 . Melee . | . . . . . . . . . . . . . Uniques/NPCs Destroyed . | . . . . . . . . . . . . . Combat | -11 -10 -9 -8 -7 -7 -7 -6 -6 -6 -5 -4 -3 -------- Run | Yrd Mat Mat Mat Fac Low Low Fac Was Fac Fac Fac Res Hostile Shots Fired 742 | . 7 53 59 199 62 . . 3 99 6 66 188 Missed 249 | . 1 12 12 80 27 . . 2 34 2 27 52 Hits 493 | . 6 41 47 119 35 . . 1 65 4 39 136 Melee 3 | . . 2 . . . . . 1 . . . . Projectile 490 | . 6 39 47 119 35 . . . 65 4 39 136 AOE 1 | . . . . . . . . . . . 1 . Critical Strikes 27 | . . 2 3 3 3 . . 1 2 . 2 11 Part Disruptions 1 | . . . . . 1 . . . . . . . Damage Taken 8533 | . 69 555 704 1632 508 . . 45 967 97 969 2987 Core 2965 | . 23 118 43 435 130 . . . 697 46 169 1304 Absorbed by Shields 201 | . . . . . . . . . . . . 201 Redirected to Shielding 49 | . 3 46 . . . . . . . . . . Core Remaining (%) 71 | 100 90 70 92 . . 19 . . 18 95 85 . Volleys Fired 393 | . 12 50 54 57 28 . 2 . 63 7 48 72 Largest 2 | . 1 2 2 2 2 . 2 . 1 1 1 2 Hottest 184 | . 20 90 50 61 56 . 50 . 85 98 98 184 Shots Fired 522 | . 12 61 107 90 47 . 4 . 61 7 49 84 Gun 356 | . 12 61 107 88 47 . 4 . 6 . . 31 Cannon 164 | . . . . . . . . . 55 7 49 53 Launcher 2 | . . . . 2 . . . . . . . . Special . | . . . . . . . . . . . . . Kinetic 274 | . 12 2 107 88 47 . 4 . . . . 14 Thermal 212 | . . 25 . . . . . . 61 7 49 70 Explosive 2 | . . . . 2 . . . . . . . . Electromagnetic 34 | . . 34 . . . . . . . . . . Robot Hit Streak 17 | . 5 10 7 10 17 . 4 . 7 2 8 9 Robot Miss Streak 7 | . 1 2 7 6 5 . 3 . 3 2 2 2 Penetration Max 1 | . . . . 1 . . . . . . . . Secondary Targets 3 | . . . 1 . 1 . . . . . . 1 Max Gunslinging Chain 1 | . . . 1 . 1 . . . . . . 1 Capacitor 70 | . . . . . . . . . 57 7 6 . Shots Hit Robots 328 | . 9 48 75 54 35 . 3 . 37 4 11 52 Core Hits 168 | . 5 23 34 34 11 . . . 18 . 24 19 Critical Kills 3 | . . . 1 . . . . . . 1 . 1 Critical Parts Destroyed 1 | . . . . . 1 . . . . . . . Critical Strikes 14 | . . 2 1 2 3 . . . . 1 . 5 Burn 4 | . . 1 . . . . . . . . . 3 Meltdown 2 | . . . . . . . . . . 1 . 1 Destroy 6 | . . . 1 2 3 . . . . . . . Blast 1 | . . . . . . . . . . . . 1 Corrupt 1 | . . 1 . . . . . . . . . . Melee Attacks . | . . . . . . . . . . . . . Impact . | . . . . . . . . . . . . . Slashing . | . . . . . . . . . . . . . Piercing . | . . . . . . . . . . . . . Sneak Attacks . | . . . . . . . . . . . . . Combat Hostiles . | . . . . . . . . . . . . . Follow-up Attacks . | . . . . . . . . . . . . . Damage Inflicted 8364 | . 116 845 1411 1419 713 . 58 . 1201 133 740 1728 Guns 4686 | . 109 750 1396 1150 713 . 58 . . . . 510 Cannons 2909 | . . . . . . . . . 1189 133 398 1189 Explosions 701 | . . 91 . 269 . . . . . . 341 . Melee . | . . . . . . . . . . . . . Ramming 68 | . 7 4 15 . . . . . 12 . 1 29 Kinetic 3820 | . 109 27 1396 1150 713 . 58 . . . . 367 Thermal 3486 | . . 434 . . . . . . 1189 133 398 1332 Explosive 269 | . . . . 269 . . . . . . . . Electromagnetic 721 | . . 380 . . . . . . . . 341 . Impact . | . . . . . . . . . . . . . Slashing . | . . . . . . . . . . . . . Piercing . | . . . . . . . . . . . . . Highest Corruption 21 | . 1 14 2 1 5 5 . 20 20 . 21 8 Average Corruption 9 | . 1 11 2 1 2 5 . 6 20 . 12 4 Corruption Purged 1 | . . . . 1 . . . . . . . . Corruption Blocked . | . . . . . . . . . . . . . Effects 65 | . . 5 7 2 6 1 . . 29 . 12 3 Message Errors 18 | . . 1 1 . 1 1 . . 11 . 2 1 Matter Fused 13 | . . . 4 . 1 . . . 4 . 3 1 Heat Flow Errors 6 | . . 1 . . 1 . . . 2 . 1 1 Energy Discharges 4 | . . . 1 . . . . . 1 . 2 . Parts Rejected 1 | . . 1 . . . . . . . . . . Data Loss (minor) 7 | . . 1 . . 1 . . . 3 . 2 . Data Loss (major) 4 | . . . . 1 1 . . . 2 . . . Misfires 3 | . . . . . 1 . . . 1 . 1 . Alerts 3 | . . . . 1 . . . . 2 . . . Misdirections 2 | . . 1 . . . . . . . . 1 . Weapon Failures 4 | . . . 1 . . . . . 3 . . . Overload Shots . | . . . . . . . . . . . . . Overflow Damage 67 | . . . . 2 . . . . 23 . . 42 Projectiles 65 | . . . . . . . . . 23 . . 42 Explosions 2 | . . . . 2 . . . . . . . . Melee . | . . . . . . . . . . . . . Knockbacks 7 | . . . . . . . . . 1 . . 6 Impact 1 | . . . . . . . . . 1 . . . Kinetic 5 | . . . . . . . . . . . . 5 Secondary 1 | . . . . . . . . . . . . 1 Self-Inflicted Damage 87 | . 3 13 7 14 . . . . 6 . 31 13 Shots 5 | . . 1 . 2 . . . . . . 2 . Rammed 10 | . 2 1 1 . . . . . 1 . 1 4 Targets Rammed 10 | . 2 1 1 . . . . . 1 . 1 4 Kicked . | . . . . . . . . . . . . . Crushed . | . . . . . . . . . . . . . Highest Temperature 785 | . . 343 113 9 197 . . . 441 510 342 785 Average Temperature 146 | . . 99 39 5 60 . . . 155 222 117 250 Received Heat Transfer 1643 | . 36 249 315 198 51 . . . 243 18 66 467 Effects 40 | . . 2 . . . . . . 3 1 . 34 Shutdowns 11 | . . . . . . . . . 2 1 . 8 Energy Bleed 10 | . . 2 . . . . . . 1 . . 7 Interference 4 | . . . . . . . . . . . . 4 Matter Decay 2 | . . . . . . . . . . . . 2 Short Circuit 1 | . . . . . . . . . . . . 1 Damage (minor) 3 | . . . . . . . . . . . . 3 Damage (major) 8 | . . . . . . . . . . . . 8 Damage (core) 1 | . . . . . . . . . . . . 1 Siege Activations . | . . . . . . . . . . . . . Martial Activations . | . . . . . . . . . . . . . Shielding Activations . | . . . . . . . . . . . . . Robots Disrupted . | . . . . . . . . . . . . . Combat Hostiles . | . . . . . . . . . . . . . Robots Corrupted . | . . . . . . . . . . . . . Combat Hostiles . | . . . . . . . . . . . . . Parts Fried . | . . . . . . . . . . . . . Impact Corruptions . | . . . . . . . . . . . . . Robots Melted 3 | . . . . . . . . . . 1 . 2 Combat Hostiles 3 | . . . . . . . . . . 1 . 2 Parts Melted 14 | . . 2 . . . . . . 3 2 . 7 Heat Transferred 5328 | . . 1038 . . . . . . 1406 200 524 2160 Parts Sabotaged . | . . . . . . . . . . . . . Parts Stolen . | . . . . . . . . . . . . . Parts Stripped . | . . . . . . . . . . . . . Power Chain Reactions 2 | . . 2 . . . . . . . . . . Alert | -11 -10 -9 -8 -7 -7 -7 -6 -6 -6 -5 -4 -3 ------- Run | Yrd Mat Mat Mat Fac Low Low Fac Was Fac Fac Fac Res Maximum Alert Level 1 | . . . . . . . . . 1 . 1 . Low Security (%) 95 | 100 100 100 100 100 . . 100 100 81 100 86 100 Level 1 4 | . . . . . . . . . 18 . 13 . Level 2 . | . . . . . . . . . . . . . Level 3 . | . . . . . . . . . . . . . Level 4 . | . . . . . . . . . . . . . Level 5 . | . . . . . . . . . . . . . High Security . | . . . . . . . . . . . . . Max Security . | . . . . . . . . . . . . . Peak Influence 266 | . 20 165 139 63 . . . . 266 63 227 171 Initial 90 | . . . 59 53 . . . . . 63 . 90 Average 59 | . 2 52 76 18 . . . . 67 22 112 101 Influence Increases 2322 | . 30 316 340 263 135 . . . 409 36 386 407 Destroy 0b10 Robot/C 1160 | . 20 220 200 120 100 . . . 140 20 160 180 Destroy 0b10 Robot/NC 150 | . 10 15 45 30 5 . . . 35 . 5 5 Destroy Leader 296 | . . 70 46 30 30 . . . 40 10 30 40 Successful Hack 21 | . . . . . . . . . . . 21 . Disable Machine 90 | . . . . . . . . . 15 . 60 15 Destroy Structure 95 | . . 11 4 8 . . . . 14 6 20 32 Partial Spotted 30 | . . . . 30 . . . . . . . . Lose Combat Pursuer 480 | . . . 45 45 . . . . 165 . 90 135 Influence Decreases 2241 | . 30 176 361 367 150 . . . 278 167 214 498 Entered New Map 303 | . . . 81 66 6 . . . . 68 . 82 Time Decay 1435 | . 30 126 230 224 144 . . . 168 93 134 286 Search Patrol Dispatched 100 | . . . . . . . . . 100 . . . Lost Part 403 | . . 50 50 77 . . . . 10 6 80 130 Squads Dispatched 22 | . 1 1 1 5 . . . . 5 . 3 6 Investigation 4 | . . . 1 . . . . . 1 . 1 1 Extermination 5 | . . . . 2 . . . . 1 . 1 1 Reinforcement 11 | . 1 1 . 3 . . . . 1 . 1 4 Assault 2 | . . . . . . . . . 2 . . . Garrison . | . . . . . . . . . . . . . Intercept . | . . . . . . . . . . . . . Searches Triggered 1 | . . . . . . . . . 1 . . . Construction Impeded 5 | . . 1 . 2 . . . . 1 . . 1 Haulers Reinforced 1 | . . . . 1 . . . . . . . . Active Scanning Responses . | . . . . . . . . . . . . . Cargo Convoy Interrupts . | . . . . . . . . . . . . . Stealth | -11 -10 -9 -8 -7 -7 -7 -6 -6 -6 -5 -4 -3 --------- Run | Yrd Mat Mat Mat Fac Low Low Fac Was Fac Fac Fac Res Distress Signals 3 | . . 1 1 1 . . . . . . . . Communications Jammed . | . . . . . . . . . . . . . Distress Signals . | . . . . . . . . . . . . . Times Spotted 129 | . 2 14 19 17 5 . 3 6 22 1 17 23 Peak Tracking Total 9 | . 2 7 4 4 2 . 3 6 9 1 7 8 Tactical Retreats 16 | . . . 3 1 . . . 1 5 . 4 2 Traps | -11 -10 -9 -8 -7 -7 -7 -6 -6 -6 -5 -4 -3 ------- Run | Yrd Mat Mat Mat Fac Low Low Fac Was Fac Fac Fac Res Traps Triggered 4 | . . . 2 . . . 1 . . . . 1 Indirectly . | . . . . . . . . . . . . . Trap Hack Attempts . | . . . . . . . . . . . . . Triggered . | . . . . . . . . . . . . . Disarmed . | . . . . . . . . . . . . . Reprogrammed . | . . . . . . . . . . . . . Reused 4 | . . . . . 4 . . . . . . . Traps Extracted . | . . . . . . . . . . . . . Installed 11 | . . . . . 11 . . . . . . . Triggered 4 | . . . . . 4 . . . . . . . Most Traps Carried 1 | . . . . . 1 . . . . . . . Machines | -11 -10 -9 -8 -7 -7 -7 -6 -6 -6 -5 -4 -3 ---------- Run | Yrd Mat Mat Mat Fac Low Low Fac Was Fac Fac Fac Res Machines Disabled 6 | . . . . . . . . . 1 . 4 1 Max in Single Turn 3 | . . . . . . . . . 1 . 3 1 Garrison Access 1 | . . . . . . . . . 1 . . . Machines Repaired . | . . . . . . . . . . . . . Machines Dismantled . | . . . . . . . . . . . . . Machines Sabotaged . | . . . . . . . . . . . . . Overloaded Fab Kills . | . . . . . . . . . . . . . Hacking | -11 -10 -9 -8 -7 -7 -7 -6 -6 -6 -5 -4 -3 --------- Run | Yrd Mat Mat Mat Fac Low Low Fac Was Fac Fac Fac Res Machines Accessed 6 | . . . . 1 . . . . 2 . 2 1 Terminals 4 | . . . . 1 . . . . 1 . 1 1 Fabricators . | . . . . . . . . . . . . . Repair Stations . | . . . . . . . . . . . . . Recycling Units . | . . . . . . . . . . . . . Scanalyzers 1 | . . . . . . . . . . . 1 . Garrison Access 1 | . . . . . . . . . 1 . . . Total Hacks 12 | . . . . 2 . . . . 4 . 5 1 Successful 2 | . . . . 1 . . . . . . 1 . Failed 10 | . . . . 1 . . . . 4 . 4 1 Catastrophic 2 | . . . . . . . . . 1 . . 1 Database Lockouts . | . . . . . . . . . . . . . Manual 2 | . . . . . . . . . 1 . . 1 Terminals 7 | . . . . 2 . . . . 1 . 3 1 Fabricators . | . . . . . . . . . . . . . Repair Stations . | . . . . . . . . . . . . . Recycling Units . | . . . . . . . . . . . . . Scanalyzers 2 | . . . . . . . . . . . 2 . Garrison Access 3 | . . . . . . . . . 3 . . . Terminal Hacks 1 | . . . . 1 . . . . . . . . Open DSF 1 | . . . . 1 . . . . . . . . Fabricator Hacks . | . . . . . . . . . . . . . Repair Station Hacks . | . . . . . . . . . . . . . Recycling Unit Hacks . | . . . . . . . . . . . . . Scanalyzer 1 | . . . . . . . . . . . 1 . Retrieve Study 1 | . . . . . . . . . . . 1 . Garrison Access Hacks . | . . . . . . . . . . . . . Unauthorized Hacks . | . . . . . . . . . . . . . Terminals . | . . . . . . . . . . . . . Fabricators . | . . . . . . . . . . . . . Repair Stations . | . . . . . . . . . . . . . Recycling Units . | . . . . . . . . . . . . . Scanalyzers . | . . . . . . . . . . . . . Garrison Access . | . . . . . . . . . . . . . Data Cores Recovered 2 | . . . . 2 . . . . . . . . Used . | . . . . . . . . . . . . . Hacking Detections 5 | . . . . . . . . . 2 . 2 1 Full Trace Events 2 | . . . . . . . . . 1 . 1 . Feedback Events 1 | . . . . . . . . . . . 1 . Corruption 1 | . . . . . . . . . . . 1 . Feedback Blocked . | . . . . . . . . . . . . . Robot Schematics Acquired . | . . . . . . . . . . . . . Robots Built . | . . . . . . . . . . . . . Authchips . | . . . . . . . . . . . . . Time . | . . . . . . . . . . . . . Total Robot Build Rating . | . . . . . . . . . . . . . Part Schematics Acquired . | . . . . . . . . . . . . . Parts Built . | . . . . . . . . . . . . . Authchips . | . . . . . . . . . . . . . Time . | . . . . . . . . . . . . . Total Part Build Rating . | . . . . . . . . . . . . . Part Studies Acquired 1 | . . . . . . . . . . . 1 . Parts Repaired . | . . . . . . . . . . . . . Time . | . . . . . . . . . . . . . Parts Recycled . | . . . . . . . . . . . . . Recycled Matter . | . . . . . . . . . . . . . Retrieved Matter . | . . . . . . . . . . . . . Retrieved Components . | . . . . . . . . . . . . . Parts Scanalyzed . | . . . . . . . . . . . . . Part Schematics Acquired . | . . . . . . . . . . . . . Parts Damaged . | . . . . . . . . . . . . . Bothacking | -11 -10 -9 -8 -7 -7 -7 -6 -6 -6 -5 -4 -3 ------------ Run | Yrd Mat Mat Mat Fac Low Low Fac Was Fac Fac Fac Res Used RIF Installer . | . . . . . . . . . . . . . Robots Hacked . | . . . . . . . . . . . . . Non-combat . | . . . . . . . . . . . . . Combat . | . . . . . . . . . . . . . Robot Hacks Applied . | . . . . . . . . . . . . . Relay Couplers Released 3 | . . . . . . . . . 3 . . . Machine Destruction 3 | . . . . . . . . . 3 . . . Fabnet Peak Effective % . | . . . . . . . . . . . . . Robots Rewired 1 | . . . . . . . 1 . . . . . Allies Hacked . | . . . . . . . . . . . . . Hacks Repelled . | . . . . . . . . . . . . . Allies | -11 -10 -9 -8 -7 -7 -7 -6 -6 -6 -5 -4 -3 -------- Run | Yrd Mat Mat Mat Fac Low Low Fac Was Fac Fac Fac Res Total Allies 2 | . . . . . . . 1 1 . . . . Largest Group 2 | . . . . . . . 1 2 . . . . Highest-Rated Group 60 | . . . . . . . 29 60 . . . . Highest-Rated Ally 31 | . . . . . . . 29 31 . . . . Total Orders 1 | . . . . . . . . 1 . . . . FOLLOW 1 | . . . . . . . . 1 . . . . Ally Attacks 14 | . . . . . . . 3 11 . . . . Total Damage 176 | . . . . . . . 18 158 . . . . Kills . | . . . . . . . . . . . . . Allies Corrupted . | . . . . . . . . . . . . . Allies Melted 1 | . . . . 1 . . . . . . . . Intel | -11 -10 -9 -8 -7 -7 -7 -6 -6 -6 -5 -4 -3 ------- Run | Yrd Mat Mat Mat Fac Low Low Fac Was Fac Fac Fac Res Active Infowar (turns) 600 | . . . . 6 . . 86 118 390 . . . Optics 594 | . . . . . . . 86 118 390 . . . ECM 6 | . . . . 6 . . . . . . . . Robot Analysis Total . | . . . . . . . . . . . . . Derelict Logs Recovered 2 | . . . . . 2 . . . . . . . Drone Launches . | . . . . . . . . . . . . . Drone Recoveries . | . . . . . . . . . . . . . Exploration | -11 -10 -9 -8 -7 -7 -7 -6 -6 -6 -5 -4 -3 ------------- Run | Yrd Mat Mat Mat Fac Low Low Fac Was Fac Fac Fac Res Turns Passed 4487 | 39 130 382 487 741 406 54 104 118 708 241 457 620 Spaces Moved 3926 | 32 91 225 286 730 533 44 92 176 500 182 569 466 Core 424 | 1 . 1 . . 42 . . 35 295 . . 50 Treads . | . . . . . . . . . . . . . Legs 214 | . . 17 . . . . . . 87 . . 110 Wheels 1447 | 31 91 207 286 399 . . . . 118 182 133 . Hover 376 | . . . . 4 65 44 92 141 . . . 30 Flight 1465 | . . . . 327 426 . . . . . 436 276 Fastest Speed 23 | 50 100 86 86 27 29 120 60 50 50 110 23 31 Average Speed 76 | 98 100 107 100 67 51 120 82 62 93 124 55 70 Slowest Speed 840 | 100 100 500 105 125 150 120 120 100 400 140 840 250 Overloaded Moves . | . . . . . . . . . . . . . Propulsion Burnouts . | . . . . . . . . . . . . . Robots Hopped 6 | . . . . 3 . . . . . . 3 . Potential Cave-ins . | . . . . . . . . . . . . . Cave-ins Triggered . | . . . . . . . . . . . . . Exploration Rate (%) 21 | 3 21 18 21 20 42 6 3 82 20 5 21 12 Regions Visited 12 Branch Regions 2 Pre-discovered Areas . | . . . . . . . . . . . . . Known Exits Taken . | . . . . . . . . . . . . . Unknown Exits Taken 10 | 1 1 1 1 1 1 1 . . 1 1 1 . Scrap Searched 1 | . . . . . . 1 . . . . . . Spaces Dug 13 | . . . . . . . . . . . 8 5 Terrain Destroyed 87 | . . 11 . 5 1 . . . 14 3 34 19 Melee . | . . . . . . . . . . . . . Projectile 71 | . . . . . 1 . . . 14 3 34 19 AOE 16 | . . 11 . 5 . . . . . . . . Terrain Rammed . | . . . . . . . . . . . . . Walls Destroyed . | . . . . . . . . . . . . . Machines Disabled . | . . . . . . . . . . . . . Actions | -11 -10 -9 -8 -7 -7 -7 -6 -6 -6 -5 -4 -3 --------- Run | Yrd Mat Mat Mat Fac Low Low Fac Was Fac Fac Fac Res Total 4950 | 37 118 301 382 884 618 45 116 184 736 194 663 672 Wait 352 | . 4 . 11 52 38 . 2 3 138 . 15 89 Move 3905 | 31 90 224 285 723 532 43 92 175 499 181 564 466 Hop 5 | . . . . 3 . . . . . . 2 . Pick Up 37 | 1 7 6 9 3 1 2 . 1 4 . 2 1 Fast Attach 91 | 5 1 11 6 17 3 . 1 2 12 4 12 17 Attach 44 | . . 1 3 12 3 . . . 8 . 8 9 Detach 39 | . . 2 2 5 1 . 2 1 6 2 9 9 Swap 8 | . 1 1 2 3 . . . . 1 . . . Drop 39 | . 1 5 9 9 1 . . 2 4 . 3 5 Fire 393 | . 12 50 54 57 28 . 2 . 63 7 48 72 Melee . | . . . . . . . . . . . . . Ram 9 | . 2 1 1 . . . . . 1 . . 4 Kick . | . . . . . . . . . . . . . Crush . | . . . . . . . . . . . . . Escape Stasis . | . . . . . . . . . . . . . Rewire 17 | . . . . . . . 17 . . . . . Trap 11 | . . . . . 11 . . . . . . . Miscellaneous . | . . . . . . . . . . . . . Route ------- -11/Scrapyard -10/Materials -9/Materials -8/Materials -7/Factory -7/Lower Caves -7/Lower Caves -6/Factory -6/Waste -6/Factory -5/Factory -4/Factory -3/Research History --------- Turn | Location | Event 24 | -11/Scrapyard | Discovered new exit (range 15) 40 | -11/Scrapyard | Entered Materials 155 | -10/Materials | Discovered new exit (range 16) 170 | -10/Materials | Entered another Materials area 170 | -9/Materials | Evolved 2 slots: Propulsion x2 304 | -9/Materials | Build established: Mutant 475 | -9/Materials | System corruption reached 10% 488 | -9/Materials | Destroyed 8 combat bots 494 | -9/Materials | Lost 4 parts (3n1w) 546 | -9/Materials | Discovered new exit (range 6) 552 | -9/Materials | Entered another Materials area 552 | -8/Materials | Evolved 2 slots: Utility x2 987 | -8/Materials | Lost 3 parts (1n2u) 1023 | -8/Materials | Discovered new exit (range 15) 1039 | -8/Materials | Entered Factory 1039 | -7/Factory | Evolved 2 slots: Power x1, Propulsion x1 1279 | -7/Factory | Build established: Scavenger-Mutant 1285 | -7/Factory | Lost 3 parts (1p1n1w) 1401 | -7/Factory | Noticed a derelict Sapper rigging charges 1575 | -7/Factory | Core integrity fell below 50% 1605 | -7/Factory | Lost 6 parts (3n1u2w) 1762 | -7/Factory | Lost 3 parts (3n) 1776 | -7/Factory | Discovered new exit (range 16) 1780 | -7/Factory | Entered Lower Caves 1781 | -7/Lower Caves | Encountered a Warlord checkpoint 1796 | -7/Lower Caves | Learned Factory interactive machine intel 1797 | -7/Lower Caves | Spotted B-75 Beast 1941 | -7/Lower Caves | Destroyed B-75 Beast 1961 | -7/Lower Caves | Lost 5 parts (1p3n1w) 1972 | -7/Lower Caves | Learned Factory terminal intel 2086 | -7/Lower Caves | Core integrity fell below 20% 2164 | -7/Lower Caves | Discovered new exit (range 8) 2186 | -7/Lower Caves | Entered another Lower Caves area 2215 | -7/Lower Caves | Discovered new exit (range 5) 2229 | -7/Lower Caves | Build established: Mutant 2240 | -7/Lower Caves | Entered Factory 2240 | -6/Factory | Evolved 2 slots: Propulsion x2 2241 | -6/Factory | Loaded intel: 54 interactive machine locations 2242 | -6/Factory | Loaded intel: 26 terminal locations 2344 | -6/Factory | Sucked down chute 2344 | -6/Factory | Entered Waste 2345 | -6/Waste | Met a frightened Derelict 2359 | -6/Waste | EMP discharged 2368 | -6/Waste | Spotted C-40 Crusher 2374 | -6/Waste | 1 allies followed down the chute 2389 | -6/Waste | Spotted C-40 Crusher 2406 | -6/Waste | Spotted C-40 Crusher 2416 | -6/Waste | Spotted C-40 Crusher 2417 | -6/Waste | Spotted C-40 Crusher 2425 | -6/Waste | Spotted C-40 Crusher 2435 | -6/Waste | Crushed by Compactor (1 part destroyed, 1 dropped) 2437 | -6/Waste | Discovered new exit (range 22) 2446 | -6/Waste | Found Corrupted Quantum Capacitor 2447 | -6/Waste | System corruption reached 10% 2459 | -6/Waste | EMP discharged 2462 | -6/Waste | Entered Factory 2466 | -6/Factory | Lost 3 parts (1n1u1w) 2934 | -6/Factory | Spotted B-75 Beast 2942 | -6/Factory | Released all parts (9) 2974 | -6/Factory | Core integrity fell below 50% 3151 | -6/Factory | Discovered new exit (range 15) 3162 | -6/Factory | Search patrols dispatched 3167 | -6/Factory | Core integrity fell below 20% 3170 | -6/Factory | Entered another Factory area 3170 | -5/Factory | Evolved 2 slots: Power x1, Propulsion x1 3396 | -5/Factory | Discovered new exit (range 12) 3411 | -5/Factory | Entered another Factory area 3411 | -4/Factory | Evolved 2 slots: Propulsion x2 3591 | -4/Factory | System corruption reached 10% 3634 | -4/Factory | Spotted B-86 Titan 3688 | -4/Factory | Lost 4 parts (2n1u1w) 3861 | -4/Factory | Discovered new exit (range 14) 3868 | -4/Factory | Entered Research 3868 | -3/Research | Evolved 2 slots: Propulsion x2 3893 | -3/Research | Lost 3 parts (1p2n) 4218 | -3/Research | Lost 4 parts (2p1n1u) 4406 | -3/Research | Released all parts (9) 4409 | -3/Research | Core integrity fell below 50% 4454 | -3/Research | Lost 6 parts (1p2u3w) 4464 | -3/Research | Core integrity fell below 20% 4488 | -3/Research | Destroyed by P-80 Master with Gamma Rifle Last Messages --------------- 04462_ P-80 Master knocked back. 04463_ Terminal disabled. 04466_ Imp. Linear Gravjet destroyed. 04468_ P-80 Master destroyed. 04476_ U-05 Engineer builds a Wall. 04476_ Destroyed Lgt. Ion Engine. 04476_ U-05 Engineer knocked back. 04477_ ALERT: Construction progress impeded, dispatching reinforcements to local area. 04479_ U-05 Engineer builds a Wall. 04481_ Critical hit (Burn: +37). 04481_ U-05 Engineer builds a Wall. 04482_ P-80 Master suffers critical hit (Blast). 04482_ Destroyed Sml. Battery. 04482_ P-80 Master knocked back. 04485_ U-05 Engineer builds a Wall. 04486_ Destroyed Sml. Battery. 04486_ P-80 Master knocked back. 04487_ System corrupted: Heat flow error (+278). 04488_ U-05 Engineer builds a Wall. Map ----- +----------------------------------------------------+ | ?????????????????????????????????????????????????? | | ?????????????????????????????????????????????????? | | ?????????????????????????????????######??????????? | | ?????????????????????????????????# #??????????? | | ?????????????????????????????????# #??????????? | | ??????????????????????????######## #??????????? | | ??????????????????????????# # #??????????? | | ??????????????????????????# # #??????????? | | ??????????????????????????# # #??????????? | | ??????????????????????????# # #??????????? | | ??????????????????????????# # #?????????? | | ????????????????????####### ?# #????????? | | ????????????????????# ###+######/########## | | ????????????????????# | | ????????????????????# " | | ????????????????????# | | ????????????????????#= ###############+######## | | ???????????????????####/#####????????# | | ???????????????????# Y #????????# | | ???????????????????# #????????# | | ???????????????????# #????????# | | ??????????????????## #????????# * | | ??????????????????## g""" #????????# | | ???????????????????#u %T" #????????######/#+#### | | ???????????????????# #?????????????# | | ???????????????????#p %[@ ##????????????# | | ???????????????????# !!%%=u##????????????# | | ???????????????????#;#########????????????# """ | | ???????????????????###?###????????????????# """ | | ??????????????????????????????????????????# """ | | ????????????????????????????????????#####?# | | ???????????????????????????????? """"" ?# | | ????????????????????????????????# ""T " # | | ????????????????????????????????# # | | ????????????????????????????????# + #"" | | ????????????????????????????????# ]] # #"" | | ????????????????????????????????# ]] # # " | | ????????????????????????????????# ?# ### | | ????????????????????????????????# ?# ### | | ????????????????????????????????########??# #[= | | ??????????????????????????????????????????# =#== | | ??????????????????????????????????????????# %/%% | | ??????????????????????????????????????????# =#%= | | ??????????????????????????????????????????# #!! | | ??????????????????????????????????????????# #! | | ??????????????????????????????????????????# # | | ??????????????????????????????????????????# # | | ??????????????????????????????????????????# ### | | ??????????????????????????????????????????# ### | | ??????????????????????????????????????????# # | +----------------------------------------------------+ Best States ------------- Heat Dissipation 67 Coolant Potential 100 Energy Generation 47 Energy Capacity 685 Matter Stores 300 Matter Capacity 300 Sight Range 22 Terrain Scan Density 10 ECM Strength 2 Power Amplification 20 Armor Coverage 675 Resistance: TH 30 Propulsion Shielding 33 Point Defense Rating 320 Evasion (%) 65 Targeting Accuracy 8 Offensive Hacking 10 Defensive Hacking 10 Item Schematics ----------------- None Robot Schematics ------------------ None Fabricated ------------ Nothing Repaired ---------- Nothing Studied --------- VTOL Module | -4/Factory | Hacked Alien Tech Used ----------------- None Achievements -------------- Construction Begets Destruction Challenges ------------ None Game ------ Seed ShockboltMultireflexEdition Manual? 0 Play Time 00:52:02 Cumulative 50.4 hours Start 2025.12.14 @ 14:39:24 End 2025.12.14 @ 15:27:51 Sessions 1 Manual Loads 0 Difficulty Rogue Special Mode None Game No. 190 Rogue 190 Adventurer 0 Explorer 0 Win Type - Total 0 Types 0/0/0/0/0/0/0/0/0/0 Lore% 12 Gallery% 37 Achievement% 25 Wizard Run 0 Options --------- Layout 1 ASCII 0 Keyboard 1 Movement Vi Keybinds 0 Fullscreen 1 Font 16/SmallcapsGlow Map View 55x38 Zoom Use 0% Tactical HUD 1 Map Filters NONE Filters NONE Steam 1 RUN: e5c605a3-e9e5-46a2-8cd9-15dc11f53a34